 Dungeon Crawl Stone Soup version 0.20-a0-1074-g6a0a8e1 (webtiles) character file.

4927 edearth the Cleaver (level 10, -17/83 HPs)
             Began as a Minotaur Skald on Apr 29, 2017.
             Demolished by an ettin
             ... wielding a +0 dire flail
              (29 damage)
             ... on level 1 of the Orcish Mines.
             The game lasted 00:56:36 (7848 turns).

edearth the Cleaver (Minotaur Skald)                Turns: 7848, Time: 00:56:36

Health: -17/83     AC: 20    Str: 15    XL:     10   Next: 27%
Magic:  12/12      EV:  4    Int: 13    God:
Gold:   591        SH: 21    Dex: 11    Spells: 8/13 levels left

rFire    + . .     SeeInvis .   a - +0 hand axe
rCold    + . .     Gourm    .   I - +2 large shield {rC+ rF+}
rNeg     . . .     Faith    .   J - +6 chain mail "Ludagos" {rElec}
rPois    .         Spirit   .   (helmet unavailable)
rElec    +         Reflect  +   p - +0 cloak
rCorr    .         Harm     .   (no gloves)
MR       .....                  E - +2 pair of boots
Stlth    ..........             s - +3 amulet of reflection
Regen    0.3/turn               (no ring)
MPRegen  0.2/turn               (no ring)

@: no status effects
A: retaliatory headbutt, horns 3, wild magic 1
a: no special abilities


You were on level 1 of the Orcish Mines.
You were not hungry.

You visited 3 branches of the dungeon, and saw 11 of its levels.
You also visited: Ossuary.

You collected 981 gold pieces.
You spent 390 gold pieces at shops.

Inventory:

Hand Weapons
 a - a +0 hand axe (weapon)
Armour
 b - a +0 leather armour
 p - a +0 cloak (worn)
 u - a +0 buckler
 E - a +2 pair of boots (worn)
 I - a +2 large shield of resistance (worn)
 J - the +6 chain mail "Ludagos" (worn) {rElec}
   (You bought it in a shop on level 7 of the Dungeon)

   It insulates you from electricity.
Jewellery
 s - a +3 amulet of reflection (around neck)
Wands
 q - a wand of flame (25/48)
 t - a wand of iceblast (11/15)
 L - a wand of flame (26/48)
Scrolls
 d - a scroll of silence {unknown}
 g - 10 scrolls of identify {unknown}
 h - a scroll of blinking
 j - 3 scrolls of remove curse
 k - 6 scrolls of enchant armour {unknown}
 m - a scroll of random uselessness {unknown}
 n - 4 scrolls of amnesia {unknown}
 o - 5 scrolls of teleportation {unknown}
 y - a scroll of fog {unknown}
 B - a scroll of immolation {unknown}
 D - 2 scrolls of fear {unknown}
Potions
 l - 2 potions of flight
 w - a potion of lignification
 x - 5 potions of brilliance
 M - a potion of degeneration
Books
 c - a book of Battle

   Spells                             Type                      Level
   a - Infusion                       Charms                       1
   b - Shroud of Golubria             Charms/Translocation         2
   c - Song of Slaying                Charms                       2
   d - Spectral Weapon                Hexes/Charms                 3
   e - Regeneration                   Charms/Necromancy            3
 G - a book of Callings

   Spells                             Type                      Level
   a - Summon Small Mammal            Summoning                    1
   b - Call Imp                       Summoning                    2
   c - Call Canine Familiar           Summoning                    3
   d - Summon Guardian Golem          Hexes/Summoning              3
   e - Summon Lightning Spire         Summoning/Air                4
   f - Summon Ice Beast               Ice/Summoning                4
 H - a book of Cantrips

   Spells                             Type                      Level
   a - Confusing Touch                Hexes                        1
   b - Animate Skeleton               Necromancy                   1
   c - Summon Small Mammal            Summoning                    1
   d - Apportation                    Translocation                1
 K - a book of Air

   Spells                             Type                      Level
   a - Shock                          Conjuration/Air              1
   b - Swiftness                      Charms/Air                   2
   c - Static Discharge               Conjuration/Air              3
   d - Airstrike                      Air                          4
   e - Lightning Bolt                 Conjuration/Air              5
Comestibles
 f - 5 chunks of flesh
 i - a meat ration
 r - 3 royal jellies
 v - 3 fruits


   Skills:
 + Level 6.0 Fighting
 + Level 10.1 Axes
 + Level 5.6 Armour
 - Level 3.3 Dodging
 - Level 1.2 Stealth
 * Level 9.4 Shields
 + Level 2.3 Spellcasting
 * Level 4.7 Charms
 - Level 0.2 Translocations


You had 8 spell levels left.
You knew the following spells:

 Your Spells              Type           Power        Failure   Level  Hunger
a - Infusion              Chrm           ###.         99%         1    #......
b - Shroud of Golubria    Chrm/Tloc      ##........   100%        2    ###....
c - Song of Slaying       Chrm           ###.....     100%        2    ###....


Dungeon Overview and Level Annotations

Branches:
Dungeon (9/15)             Temple (1/1) D:6             Orc (1/2) D:9
   Lair: D:8-11

Altars:
Ashenzari
Cheibriados
Dithmenos
Elyvilon
Fedhas
Gozag
Kikubaaqudgha
Makhleb
Okawaru
Qazlal
Ru
Sif Muna
Trog
Vehumet
Xom
Zin

Shops:
D:4 *   D:7 [   Orc:1 :

Annotations:
D:4 zhorgal's ghost, novice MiGl
D:5 1 runed door
D:6 Eustachio


Innate Abilities, Weirdness & Mutations

You reflexively headbutt those who attack you in melee.
You have a pair of large horns on your head.
Your spells are a little harder to cast, but a little more powerful.


Message History

You block the ettin's attack. x2
You hit the ettin but do no damage. You headbutt the ettin!
The ettin is moderately wounded.
You block the ettin's attack. The ettin hits you but does no damage.
You hit the ettin but do no damage.
The ettin is moderately wounded.
Your shield prevents you from hitting the ettin.
You headbutt the ettin!
The ettin is heavily wounded.
The ettin hits you with a dire flail!!! You block the ettin's attack.
You hit the ettin.
You headbutt the ettin, but do no damage.
The ettin is heavily wounded.
The ettin hits you with a dire flail!!
* * * LOW HITPOINT WARNING * * *
You block the ettin's attack.
Your shield and chain mail "Ludagos" prevent you from hitting the ettin.
The ettin is heavily wounded.
The ettin hits you with a dire flail!!
You die...

.......#...## #.....#............
...........#####.#....#..........
#...........##.###...............
............#...##...............
....(....).[...(###..............
............#..##................
.....#.....#...#.).).............
........#.#)#).##)#..............
...........)..)C@................
#.....#....)##..#.#..........#.#.
............##...####.........##.
............###.## ##.#.........
..>.............. ####........
................## ##.......
................. #...#....
............#...# #...###..
...............#. ##..## ##.


You could see an ettin.

Vanquished Creatures
  Gastronok (D:8)
  A two-headed ogre (D:9)
  6 orc warriors
  An ice beast (D:8)
  A sky beast (D:8)
  3 ogres (Orc:1)
  4 bullfrogs
  A scorpion (D:4)
  3 howler monkeys
  A crimson imp (D:9)
  2 jellies
  A bullfrog skeleton (D:8)
  A gnoll shaman (D:7)
  5 orc priests
  4 hounds
  2 iguanas
  7 worker ants
  6 orc wizards
  2 big kobold zombies (Ossuary)
  8 mummies (Ossuary)
  2 worker ant zombies
  8 gnolls
  6 adders
  An ooze (D:3)
  An adder skeleton (D:4)
  An adder zombie (D:8)
  A worm (D:4)
  A dart slug (D:1)
  5 leopard geckos
  50 orcs
  A ball python (D:4)
  7 bats
  8 giant cockroaches
  A gnoll zombie (Ossuary)
  5 goblins
  7 hobgoblins
  2 jackals (D:1)
  6 kobolds
  8 quokkas
  5 frilled lizards (D:1)
  3 hobgoblin zombies (Ossuary)
  A kobold zombie (Ossuary)
  2 leopard gecko skeletons (D:6)
  An orc zombie (Ossuary)
  A quokka zombie (D:3)
  7 rats
201 creatures vanquished.

Vanquished Creatures (others)
  An orc wizard (D:4)
  An orc (D:9)
2 creatures vanquished.

Grand Total: 203 creatures vanquished

Notes
Turn   | Place    | Note
-------+----------+-------------------------------------------
     0 | D:1      | edearth the Minotaur Skald began the quest for the Orb.
     0 | D:1      | Reached XP level 1. HP: 18/18 MP: 1/1
   249 | D:1      | Reached XP level 2. HP: 25/25 MP: 3/3
   465 | D:1      | Reached XP level 3. HP: 30/30 MP: 4/4
   945 | D:2      | You fall through a shaft for 2 floors!
   966 | D:4      | Learned a level 2 spell: Shroud of Golubria
   969 | D:4      | Learned a level 2 spell: Song of Slaying
   991 | D:4      | Noticed a scorpion
  1004 | D:4      | Killed a scorpion
  1004 | D:4      | Reached skill level 3 in Axes
  1004 | D:4      | Reached XP level 4. HP: 20/37 MP: 1/5
  1370 | D:5      | Entered Level 5 of the Dungeon
  1578 | D:3      | Reached skill level 4 in Axes
  1578 | D:3      | Reached XP level 5. HP: 39/45 MP: 4/6
  2141 | D:4      | Reached XP level 6. HP: 46/51 MP: 3/7
  2253 | D:4      | Noticed zhorgal's ghost (novice MiGl)
  2329 | D:4      | Reached skill level 5 in Axes
  2359 | D:4      | Found Fenuth's Assorted Antiques.
  3007 | D:4      | Reached skill level 1 in Stealth
  3338 | D:5      | Found a runed door.
  3345 | D:5      | Found a runed door.
  3376 | D:5      | Reached XP level 7. HP: 48/58 MP: 3/9
  3424 | D:5      | HP: 2/58 [poisoned by a worker ant]
  3431 | D:5      | HP: 2/58 [poisoned by a worker ant]
  3439 | D:5      | HP: 1/58 [poisoned by a worker ant]
  3782 | D:6      | Found a staircase to the Ecumenical Temple.
  3871 | Temple   | Entered the Ecumenical Temple
  4070 | D:6      | Noticed Eustachio
  4169 | D:7      | Found a sand-covered staircase.
  4310 | Ossuary  | Entered an ossuary
  4336 | Ossuary  | Reached skill level 6 in Axes
  5001 | D:7      | Reached skill level 7 in Axes
  5001 | D:7      | Reached skill level 1 in Shields
  5034 | D:7      | Found Imyhi's Antique Armour Emporium.
  5103 | D:7      | Bought a glowing large shield for 172 gold pieces
  5262 | D:7      | Reached XP level 8. HP: 59/67 MP: 10/10
  5418 | D:7      | Bought an ichor-stained chain mail for 218 gold pieces
  5429 | D:7      | Identified the +6 chain mail "Ludagos" {rElec} (You bought it in a shop on level 7 of the Dungeon)
  5489 | D:8      | Noticed Gastronok
  6154 | D:8      | Gained mutation: You are dopey. (Int -2) [mutagenic meat]
  6156 | D:8      | Gained mutation: You are somewhat resistant to further mutation. [mutagenic meat]
  6428 | D:8      | Lost mutation: You are dopey. (Int -2) [potion of mutation]
  6428 | D:8      | Lost mutation: You are somewhat resistant to further mutation. [potion of mutation]
  6428 | D:8      | Gained mutation: Your spells are a little harder to cast, but a little more powerful. [potion of mutation]
  6428 | D:8      | Gained mutation: You have a pair of large horns on your head. [potion of mutation]
  6448 | D:8      | Killed Gastronok
  6448 | D:8      | Reached skill level 5 in Fighting
  6448 | D:8      | Reached skill level 9 in Axes
  6448 | D:8      | Reached skill level 5 in Armour
  6448 | D:8      | Reached XP level 9. HP: 43/74 MP: 11/11
  6700 | D:9      | Noticed a two-headed ogre
  6726 | D:9      | Killed a two-headed ogre
  6726 | D:9      | Reached XP level 10. HP: 21/83 MP: 12/12
  6907 | D:9      | Found a staircase to the Orcish Mines.
  7008 | Orc:1    | Entered Level 1 of the Orcish Mines
  7311 | Orc:1    | Reached skill level 10 in Axes
  7739 | Orc:1    | Found Vugapt's Book Shop.
  7817 | Orc:1    | Noticed an ettin
  7848 | Orc:1    | Demolished by an ettin

Vault maps used:
D:1:      minmay_arrival_four_circles, serial_forest,
          infiniplex_forest_clump_tiny, infiniplex_forest_join,
          infiniplex_forest_lined_3, infiniplex_forest_lined_2,
          infiniplex_forest_clump_double, infiniplex_forest_lined_3,
          infiniplex_forest_corner_2, infiniplex_forest_end_double,
          hangedman_glass_teeth
D:2:      minitemple, nicolae_dithmenos_shadow_blocks, uniq_jessica
D:4:      serial_shops, shop, minivault_25
D:5:      lemuel_insect_pit, cheibrodos_sewer_entry_drain, first_bread
D:6:      minmay_temple_entry_water_ring, uniq_eustachio
D:7:      enter_ossuary_2, serial_shops, nicolae_shop_waterfront
D:8:      uniq_gastronok
D:9:      hiddenorc1_lemuel, nrook_uturn
Temple:   eino_temple_rhombus
Orc:1:    serial_shops, nicolae_shop_competitors_out_of_business
Ossuary:  ossuary_tomb_3

Skill      XL: |  1  2  3  4  5  6  7  8  9 10 |
---------------+-------------------------------+-----
Axes           | 3 4 5 7 9 10 | 10.1
Armour         | 2 3 5 |  5.6
Fighting       | 3 4 5 6 |  6.0
Spellcasting   | 2 |  2.3
Charms         | 3 4 |  4.7
Stealth        | 1 |  1.2
Dodging        | 3 |  3.3
Shields        | 1 7 8 9 |  9.4
Translocations | |  0.2

Action                   |  1- 3 |  4- 6 |  7- 9 | 10-12 || total
-------------------------+-------+-------+-------+-------++-------
Melee: Hand axe          |    86 |   199 |   489 |   161 ||   935
       Headbutt          |     8 |    27 |    87 |    40 ||   162
 Cast: Infusion          |     3 |     6 |     1 |       ||    10
       Shroud of Golubri |       |     7 |     2 |       ||     9
       Song of Slaying   |       |     2 |     4 |       ||     6
  Use: Scroll            |       |       |     3 |       ||     3
       Potion            |       |       |    12 |       ||    12
 Stab: Distracted        |       |     1 |     1 |       ||     2
  Eat: Chunk             |       |     8 |    12 |     6 ||    26
       Bread ration      |       |       |     1 |       ||     1
Armor: Leather armour    |    20 |    45 |    38 |       ||   103
       Chain mail        |       |       |    77 |    25 ||   102
Dodge: Dodged            |    51 |   108 |   122 |     9 ||   290
Block: Other             |       |    15 |     6 |       ||    21
       Buckler           |       |       |    53 |       ||    53
       Large shield      |       |       |   171 |   112 ||   283
       Reflection        |       |       |     2 |     1 ||     3
